 Dungeon Sprint DCSS version 0.16-a0-3606-g1520cdc (webtiles) character file.

53967 BluebellGnoll the Champion of Chaos (level 14, -10/130 HPs)
             Began as a Deep Dwarf Gladiator on Jan 13, 2015.
             Was the Champion of Makhleb.
             Killed from afar by the Serpent of Hell (22 damage)
             ... with a blast of hellfire
             ... in the Dungeon (Sprint V: "Ziggurat Sprint").
             The game lasted 00:54:02 (1015 turns).

BluebellGnoll the Champion of Chaos (DDGl)          Turns: 1015, Time: 00:54:02

Health: -10/130    AC: 37    Str: 21    XL:     14   Next: 32%
Magic:  31/31      EV:  4    Int: 11    God:    Makhleb [******]
Gold:   0          SH: 33    Dex: 17    Spells: 0 memorised, 13 levels left

rFire  . . .     SeeInvis +     d - +2 iron rod (8/11)
rCold  . . .     Clarity  +     r - +15 Maxwell's patent armour {-Cast -Tele rElec MR+ rCorr}
rNeg   + + +     SustAb   .     s - +18 shield of the gong {rElec rN+ MR+ EV-5}
rPois  +         Gourm    .     c - +0 helmet
rElec  +         Spirit   .     M - +0 cloak
rCorr  +         Warding  .     (no gloves)
rMut   .         NoTele   +     (no boots)
MR     +++++     NoCast   +     V - amulet of clarity
Stlth  ..........               y - ring of Wiugag {-Cast +Fly rPois MR+ Str+3}
                                N - ring of Thocoff {+Fly rN+ SInv}

@: very slightly contaminated, non-regenerating, hasted, invisible, very quick,
almost entirely resistant to hostile enchantments, extremely unstealthy
A: damage resistance, recharge devices, negative energy resistance 1, sense
surroundings 2, slow healing 3
a: Device Recharging, Minor Destruction, Lesser Servant of Makhleb, Major
Destruction, Greater Servant of Makhleb, Renounce Religion, Evoke Flight


You were in the Dungeon.
You worshipped Makhleb.
Makhleb was exalted by your worship.
You were full.

You visited 1 branch

Inventory:

Hand weapons
 q - the +14 obsidian axe {chop, +Fly Str+3 SInv Curse}
   (You found it in the Dungeon)

   It inflicts extra damage upon your enemies.
   It affects your strength (+3).
   It enhances your eyesight.
   It lets you fly.
   It may recurse itself when equipped.
 J - a +5 broad axe of chopping
Armour
 c - a +0 helmet (worn)
 r - the +15 Maxwell's patent armour (worn) {-Cast -Tele rElec MR+ rCorr}
   (You found it in the Dungeon)

   It insulates you from electricity.
   It affects your resistance to hostile enchantments.
   It prevents spellcasting.
   It prevents most forms of teleportation.
   It protects you from acid and corrosion.
 s - the +18 shield of the gong (worn) {rElec rN+ MR+ EV-5}
   (You found it in the Dungeon)

   It affects your evasion (-5).
   It insulates you from electricity.
   It protects you from negative energy.
   It affects your resistance to hostile enchantments.
 M - a +0 cloak (worn)
Rods
 d - a +2 iron rod (8/11) (weapon)
   (You found it in the Dungeon)
 u - a +0 rod of shadows (3/10)
   (You took it off a skeletal warrior in the Dungeon)
 P - a +3 rod of destruction (14/14)
   (You took it off a vampire knight in the Dungeon)
 Z - a +1 rod of inaccuracy (11/12)
   (You found it in the Dungeon)
Jewellery
 v - an uncursed ring of protection from fire
 y - the ring of Wiugag (right hand) {-Cast +Fly rPois MR+ Str+3}
   (You found it in the Dungeon)

   [ring of protection from magic]

   It affects your strength (+3).
   It protects you from poison.
   It affects your resistance to hostile enchantments.
   It lets you fly.
   It prevents spellcasting.
 F - the ring "Xiuqet" {rC+ HP+9 Stlth-}
   (You found it in the Dungeon)

   [ring of loudness]

   It protects you from cold.
   It affects your health (+9).
   It makes you less stealthy.
 N - the ring of Thocoff (left hand) {+Fly rN+ SInv}
   (You found it in the Dungeon)

   [ring of see invisible]

   It protects you from negative energy.
   It enhances your eyesight.
   It lets you fly.
 O - an uncursed amulet of resist mutation
 R - an uncursed ring of protection from fire
 V - an amulet of clarity (around neck)
 X - an uncursed amulet of resist corrosion
Magical devices
 e - a wand of heal wounds (5)
 m - a wand of disintegration (0)
 n - a wand of fire (6)
 o - a wand of cold (6)
 p - a wand of draining (3)
 S - a wand of hasting (4)
Scrolls
 l - 4 scrolls of blinking
 z - 4 scrolls of recharging
 A - 7 scrolls of fog
 B - a scroll of holy word
 C - 5 scrolls of identify
 D - 4 scrolls of remove curse
 E - 2 scrolls of fear
Potions
 g - 10 potions of curing
 h - 14 potions of heal wounds
 i - 3 potions of haste
 j - 7 potions of magic
 k - 2 potions of berserk rage
 G - a potion of invisibility
 H - 2 potions of restore abilities
 I - 4 potions of resistance
 K - 4 potions of agility
 L - 5 potions of might
Books
 w - a tome of Destruction
Miscellaneous
 b - an ornate deck of wonders {drawn: 1}
 Q - a phial of floods
 T - a sack of spiders {used: 1}
 U - a plain deck of summoning
 W - a lamp of fire (inert)
 Y - a stone of tremors
Comestibles
 f - 5 bread rations
 t - 40 fruits
 x - 4 meat rations


   Skills:
 - Level 9.9 Fighting
 - Level 19.5 Axes
 - Level 1.7 Throwing
 - Level 19.2 Armour
 + Level 3.2 Dodging
 - Level 18.3 Shields
 - Level 22.0 Invocations
 - Level 21.9 Evocations


You had 13 spell levels left.
You didn't know any spells.

Dungeon Overview and Level Annotations

Branches:
Dungeon (1/1)

Altars:
Ashenzari
Cheibriados
Dithmenos
Elyvilon
Fedhas
Gozag
Kikubaaqudgha
Makhleb
Nemelex Xobeh
Okawaru
Qazlal
Ru
Sif Muna
Trog
Vehumet
Xom
Yredelemnul
Zin
The Shining One
Beogh
Jiyva
Lugonu

Annotations:
D Antaeus, Chuck, Dissolution, Erica, Gloorx Vloq, Mennas, Mnoleg, Nellie, Polyphemus, Saint Roka, Serpent of Hell, Terence


Innate Abilities, Weirdness & Mutations

You are resistant to damage.
You can recharge devices by infusing magical energy.
You resist negative energy.
You passively map the area around you.
You do not heal naturally.


Message History

You find yourself reciting the magical words!
A cloud of weird smoke pours from the book's pages!
The ice encasing you melts away.
Gloorx Vloq is engulfed in roaring flames.
Gloorx Vloq gestures at you. You block the poison arrow.
PANG!
Mnoleg is engulfed in roaring flames.
Gloorx Vloq is engulfed in roaring flames.
Gloorx Vloq gestures at you. The foul vapour misses you.
The Serpent of Hell breathes flames at you.
The blast of flame hits you!
* * * LOW HITPOINT WARNING * * *
The Serpent of Hell breathes fire at you.
The fireball explodes!
The fireball engulfs you!
* * * LOW HITPOINT WARNING * * *
The Serpent of Hell breathes hellfire at you.
The hellfire explodes!
The blast of hellfire engulfs you!
You die...

,,,,,,,,,,,,,,,▓..∆∆∆∆∆∆∆∆∆∆∆,,▓.
,,,,,,,,,,,,,,,▓..=)§∆∆∆∆∆∆∆∆,,▓.
,,,,,,,,,,,,,,,▓..)@C§∆∆∆,,,,,,▓.
,,,,,,,,,,,,,,,▓DCC.§Aw,,,,,,,,▓.
,,,,,,,,,,,,,,,▓..§C&JY.,,,,,,,▓.
,,,,,,,,,,,,,,,▓.§@o§§G..,,,,,,▓)
,,,,,,,,,,,,,,,▓§§§§§§......,,,▓)
,,,,,,,,,,,,,,,▓§§§&∩§.......,,▓.
,,,,,,,,,,,,,,,▓@§§§§........,,▓.
,*,,,,,,,,,*,,,▓§§§▓.......▓,,,▓.
,,,,,,,,,,,,,,,▓§§▓▓▓.....▓▓*,.▓▓
,,,,,,,,,,,,,,,▓...▓.......▓...▓.
,,,,,,,,,,,,,,,▓...............▓.
***************▓...............▓.
,,,,,8©8,,,,,,,▓▓▓▓▓▓▓▓▓▓▓▓▓▓▓▓▓.
∆∆∆∆∆∆∆∆∆∆∆∆∆,,*,,,,,,8©8,,,,,,▓.
∆∆∆∆∆∆∆∆∆∆∆∆∆,,*,,∆∆∆∆∆∆∆∆∆∆∆,,▓.


You could see Antaeus, Mnoleg, Gloorx Vloq, the Serpent of Hell, Nellie, Saint
Roka, Dissolution, Polyphemus, Gastronok, Mennas, Chuck, Erica, Terence and the
friendly Antaeus.

Vanquished Creatures
  2 pandemonium lords (D)
  A shadow dragon (D)
  A chaos champion (D)
  A vault warden (D)
  A ghost moth (D)
  An emperor scorpion (D)
  2 stone giants (D)
  2 ghouls (D)
  An ironheart preserver (D)
  A vampire knight (D)
  A blizzard demon (D)
  5 vault guards (D)
  2 yaktaur captains (D)
  A vampire mage (D)
  5 soul eaters (D)
  A deep elf knight (D)
  2 skeletal warriors (D)
  4 ice devils (D)
  A hill giant (D)
  A gelid demonspawn (D)
  An ironbrand convoker (D)
  4 necromancers (D)
  3 orb spiders (D)
  A shining eye (D)
  4 wolf spiders (D)
  4 draconians (D)
  3 cyclopes (D)
  2 sixfirhies (D)
  3 hornets (D)
  A torpor snail (D)
  2 yaktaurs (D)
  A yaktaur (shapeshifter) (D)
  A tormentor (D)
  A blue devil (D)
  5 merfolk (D)
  3 fire vortices (D)
  2 two-headed ogres (D)
  A boulder beetle (D)
  4 shadows (D)
  2 redbacks (D)
  2 tarantellas (D)
  2 trapdoor spiders (D)
  4 deep elf magi (D)
  A vampire (D)
  3 wraiths (D)
  A wolf (D)
  A deep elf fighter (D)
  2 wasps (D)
  An ice beast (D)
  An orc warrior (D)
  A necrophage (D)
  2 centaurs (D)
  A phantom (D)
  An ogre (D)
  Sigmund (D)
  Blork the orc (D)
  9 wights (D)
  Crazy Yiuf (D)
  4 orc priests (D)
  5 orc wizards (D)
  A sheep (D)
  Jessica (D)
  2 white imps (D)
  A spectral adder (D)
  An adder zombie (D)
  3 adder skeletons (D)
  6 orcs (D)
  A spectral bat (D)
  2 bat skeletons (D)
  A bat zombie (D)
  A giant cockroach zombie (D)
  A giant gecko skeleton (D)
  3 giant gecko zombies (D)
  2 quokka skeletons (D)
  A quokka zombie (D)
155 creatures vanquished.

Vanquished Creatures (collateral kills)
  A shadow dragon (D)
  A frost giant (D)
  3 soul eaters (D)
  A skeletal warrior (D)
  A necromancer (D)
  An orb spider (D)
  A hornet (D)
  A wolf spider (D)
  3 cyclopes (D)
  2 orange demons (D)
  3 smoke demons (D)
  A hellion (D)
  A jumping spider (D)
  A fire vortex (D)
  2 shadows (D)
  A redback (D)
  A vampire (D)
  2 wasps (D)
  A spider (D)
  A necrophage (D)
  A scorpion (D)
  5 wights (D)
  Dowan (D)
  A white imp (D)
  An adder zombie (D)
  2 bat zombies (D)
  A giant cockroach zombie (D)
  A giant gecko skeleton (D)
  2 jackal skeletons (D)
  A quokka simulacrum (D)
45 creatures vanquished.

Vanquished Creatures (others)
  2 caustic shrikes (D)
  2 hell knights (D)
  A spatial maelstrom (D)
  A hill giant (D)
  A wolf spider (D)
  A sixfirhy (D)
  A necromancer (D)
  A rust devil (D)
  6 fire elementals (D)
  A jumping spider (D)
  2 fire vortices (D)
  A ynoxinul (D)
  A singularity (D)
21 creatures vanquished.

Grand Total: 221 creatures vanquished

Notes
Turn   | Place    | Note
--------------------------------------------------------------
     0 | D        | BluebellGnoll, the Deep Dwarf Gladiator, began the quest for the Orb.
     0 | D        | Reached XP level 1. HP: 19/19 MP: 1/1
     0 | D        | Found a viscous altar of Jiyva.
     0 | D        | Found a corrupted altar of Lugonu.
     0 | D        | Found a white marble altar of Elyvilon.
     0 | D        | Banished a spatial maelstrom
     2 | D        | Found a sparkling altar of Nemelex Xobeh.
     2 | D        | Found a burning altar of Makhleb.
     2 | D        | Found a deep blue altar of Sif Muna.
     3 | D        | Found a bloodstained altar of Trog.
     6 | D        | Found an iron altar of Okawaru.
    18 | D        | Found a radiant altar of Vehumet.
    37 | D        | Became a worshipper of Makhleb the Destroyer
    39 | D        | Found a basalt altar of Yredelemnul.
    40 | D        | Found a shimmering altar of Xom.
    48 | D        | Reached skill level 8 in Armour
    48 | D        | Reached XP level 2. HP: 26/26 MP: 2/2
    57 | D        | Entered arena 1.
    57 | D        | Noticed a wolf
    59 | D        | Reached XP level 3. HP: 32/32 MP: 3/5
    61 | D        | Killed a wolf
    61 | D        | Acquired Makhleb's first power
    61 | D        | Reached skill level 9 in Evocations
    61 | D        | Reached XP level 4. HP: 39/39 MP: 4/10
    61 | D        | Reached XP level 5. HP: 45/45 MP: 4/12
    66 | D        | Entered arena 2.
    66 | D        | Noticed a centaur
    66 | D        | Noticed a centaur
    66 | D        | Noticed a yaktaur
    71 | D        | Killed a centaur
    71 | D        | Reached skill level 5 in Axes
    72 | D        | Killed a centaur
    72 | D        | Reached XP level 6. HP: 44/58 MP: 6/15
    74 | D        | Killed a yaktaur
    74 | D        | Acquired Makhleb's second power
    74 | D        | Reached XP level 7. HP: 60/69 MP: 8/18
    92 | D        | Entered arena 3.
    92 | D        | Noticed a draconian
    92 | D        | Noticed a draconian
    92 | D        | Noticed a draconian
    92 | D        | Noticed a draconian
    98 | D        | Killed a draconian
    98 | D        | Reached skill level 11 in Axes
    99 | D        | Killed a draconian
    99 | D        | Reached skill level 12 in Axes
    99 | D        | Reached XP level 8. HP: 79/82 MP: 12/19
   100 | D        | Killed a draconian
   100 | D        | Acquired Makhleb's third power
   100 | D        | Reached skill level 13 in Axes
   104 | D        | Killed a draconian
   104 | D        | Reached skill level 14 in Axes
   104 | D        | Gained mutation: You passively map the area around you. [level up]
   104 | D        | Reached XP level 9. HP: 91/93 MP: 14/21
   118 | D        | Entered arena 4.
   118 | D        | Noticed Sigmund
   118 | D        | Noticed Jessica
   118 | D        | Noticed Blork the orc
   118 | D        | Noticed Crazy Yiuf
   119 | D        | Killed Crazy Yiuf
   119 | D        | Acquired Makhleb's fourth power
   119 | D        | Reached skill level 1 in Invocations
   120 | D        | Killed Sigmund
   120 | D        | Reached skill level 10 in Evocations
   122 | D        | Killed Jessica
   124 | D        | Killed Blork the orc
   141 | D        | Got the ring of Thocoff {+Fly rN+ SInv}
   143 | D        | Entered arena 5.
   143 | D        | Noticed a merfolk
   143 | D        | Noticed a merfolk
   143 | D        | Noticed a merfolk
   143 | D        | Noticed a merfolk
   143 | D        | Noticed a merfolk
   151 | D        | Killed a merfolk
   151 | D        | Acquired Makhleb's fifth power
   151 | D        | Reached skill level 5 in Invocations
   152 | D        | Killed a merfolk
   153 | D        | Killed a merfolk
   154 | D        | Killed a merfolk
   154 | D        | Killed a merfolk
   172 | D        | Entered arena 6.
   172 | D        | Noticed a yaktaur captain
   172 | D        | Noticed an ironbrand convoker
   172 | D        | Noticed a vault guard
   172 | D        | Noticed a queen bee
   172 | D        | Noticed a vault guard
   172 | D        | Noticed a vault warden
   173 | D        | Noticed a yaktaur
   173 | D        | a queen bee changed into a yaktaur
   177 | D        | Killed a yaktaur
   177 | D        | Killed an ironbrand convoker
   177 | D        | Reached XP level 10. HP: 98/102 MP: 21/23
   179 | D        | Killed a vault warden
   179 | D        | Reached skill level 10 in Shields
   179 | D        | Reached skill level 15 in Evocations
   184 | D        | Killed a vault guard
   184 | D        | Reached skill level 16 in Evocations
   185 | D        | Killed a vault guard
   185 | D        | Reached skill level 17 in Evocations
   189 | D        | Killed a yaktaur captain
   207 | D        | Entered arena 7.
   207 | D        | Noticed a deep elf fighter
   207 | D        | Noticed a deep elf mage
   207 | D        | Noticed a deep elf mage
   207 | D        | Noticed a deep elf knight
   207 | D        | Noticed a deep elf mage
   207 | D        | Noticed a deep elf mage
   211 | D        | Killed a deep elf mage
   211 | D        | Killed a deep elf mage
   212 | D        | Killed a deep elf mage
   212 | D        | Reached XP level 11. HP: 108/108 MP: 27/27
   212 | D        | Killed a deep elf mage
   212 | D        | Reached skill level 18 in Evocations
   213 | D        | Killed a deep elf fighter
   215 | D        | Killed a deep elf knight
   235 | D        | Entered arena 8.
   235 | D        | Noticed an orc wizard
   235 | D        | Noticed an orc priest
   235 | D        | Noticed an orc priest
   235 | D        | Noticed an orc wizard
   235 | D        | Noticed an orc wizard
   236 | D        | Killed an orc priest
   237 | D        | Killed an orc wizard
   237 | D        | Killed an orc wizard
   246 | D        | Killed an orc priest
   248 | D        | Killed an orc wizard
   258 | D        | Got the ring of the Louse {+Rage rPois Int+4}
   264 | D        | Entered arena 9.
   264 | D        | Noticed an ironheart preserver
   264 | D        | Noticed a vault guard
   264 | D        | Noticed a yaktaur captain
   264 | D        | Noticed a stone giant
   264 | D        | Noticed a vault guard
   264 | D        | Noticed a yaktaur
   264 | D        | Noticed a wolf spider
   264 | D        | Noticed a vault guard
   268 | D        | Killed a yaktaur
   269 | D        | Killed a wolf spider
   269 | D        | Reached skill level 19 in Evocations
   270 | D        | Noticed a soul eater
   274 | D        | Killed a yaktaur captain
   276 | D        | Killed an ironheart preserver
   276 | D        | Reached skill level 15 in Shields
   276 | D        | Reached skill level 20 in Evocations
   277 | D        | Killed a soul eater
   280 | D        | Killed a vault guard
   281 | D        | Killed a stone giant
   281 | D        | Reached skill level 21 in Evocations
   285 | D        | Killed a vault guard
   290 | D        | Killed a vault guard
   307 | D        | Got the ring "Reoxoyxe" {Wiz rPois}
   316 | D        | Entered arena 10.
   316 | D        | Noticed an orc wizard
   316 | D        | Noticed an orc wizard
   316 | D        | Noticed an orc priest
   316 | D        | Noticed an orc priest
   316 | D        | Noticed an orc warrior
   317 | D        | Killed an orc priest
   318 | D        | Killed an orc warrior
   319 | D        | Killed an orc priest
   321 | D        | Killed an orc wizard
   323 | D        | Killed an orc wizard
   343 | D        | Entered arena 11.
   343 | D        | Noticed a redback
   343 | D        | Noticed a wolf spider
   343 | D        | Noticed an orb spider
   343 | D        | Noticed a jumping spider
   343 | D        | Noticed a ghost moth
   343 | D        | Noticed a wasp
   343 | D        | Noticed an orb spider
   343 | D        | Noticed a wasp
   346 | D        | Noticed a boulder beetle
   348 | D        | Killed a wasp
   349 | D        | Noticed a redback
   349 | D        | Killed a redback
   351 | D        | Killed a redback
   351 | D        | Reached skill level 10 in Invocations
   351 | D        | Killed a jumping spider
   352 | D        | Killed a wolf spider
   352 | D        | Reached XP level 12. HP: 116/116 MP: 14/30
   353 | D        | Killed a ghost moth
   354 | D        | Killed a wasp
   355 | D        | Killed an orb spider
   356 | D        | Killed an orb spider
   359 | D        | Killed a boulder beetle
   373 | D        | Entered arena 12.
   373 | D        | Noticed a phantom
   373 | D        | Noticed a wraith
   373 | D        | Noticed a wraith
   373 | D        | Noticed an ice devil
   373 | D        | Noticed an ice devil
   374 | D        | Killed a wraith
   379 | D        | Killed an ice devil
   379 | D        | Reached skill level 10 in Armour
   380 | D        | Killed a wraith
   380 | D        | Killed an ice devil
   382 | D        | Killed a phantom
   406 | D        | Entered arena 13.
   406 | D        | Noticed a tormentor
   406 | D        | Noticed an ice devil
   407 | D        | Noticed a shadow
   407 | D        | Noticed a blizzard demon
   408 | D        | Noticed a wraith
   408 | D        | Noticed an ice devil
   409 | D        | Noticed a blue devil
   414 | D        | Killed a tormentor
   415 | D        | Killed a shadow
   420 | D        | Killed a blizzard demon
   420 | D        | Reached skill level 15 in Invocations
   420 | D        | Killed an ice devil
   421 | D        | Killed a wraith
   426 | D        | Killed a blue devil
   427 | D        | Killed an ice devil
   447 | D        | Entered arena 14.
   447 | D        | Noticed a hill giant
   447 | D        | Noticed a two-headed ogre
   447 | D        | Noticed a two-headed ogre
   448 | D        | Noticed an ogre
   448 | D        | Noticed a cyclops
   448 | D        | Noticed a stone giant
   449 | D        | Noticed a hill giant
   449 | D        | Noticed a cyclops
   450 | D        | Noticed a cyclops
   450 | D        | Noticed a cyclops
   450 | D        | Noticed a cyclops
   451 | D        | Noticed a frost giant
   451 | D        | Killed an ogre
   452 | D        | Killed a two-headed ogre
   453 | D        | Killed a hill giant
   454 | D        | Killed a two-headed ogre
   454 | D        | Killed a cyclops
   455 | D        | Killed a cyclops
   455 | D        | Killed a cyclops
   456 | D        | Noticed a cyclops
   456 | D        | Killed a stone giant
   456 | D        | Killed a cyclops
   458 | D        | Killed a hill giant
   458 | D        | Killed a frost giant
   459 | D        | Killed a cyclops
   459 | D        | Reached XP level 13. HP: 123/123 MP: 31/31
   459 | D        | Killed a cyclops
   507 | D        | Got the ring of Wiugag {-Cast +Fly rPois MR+ Str+3}
   516 | D        | Entered arena 15.
   516 | D        | Noticed an orange demon
   516 | D        | Noticed a smoke demon
   516 | D        | Noticed a soul eater
   517 | D        | Noticed Denev the pandemonium lord
   517 | D        | Noticed a sixfirhy
   517 | D        | Noticed a smoke demon
   517 | D        | Noticed a smoke demon
   518 | D        | Noticed a sixfirhy
   518 | D        | Killed a sixfirhy
   519 | D        | Noticed Profukh the pandemonium lord
   519 | D        | Noticed an orange demon
   519 | D        | Noticed a monstrous chaos champion
   519 | D        | Noticed a gelid demonspawn
   521 | D        | Noticed a sixfirhy
   522 | D        | Killed a sixfirhy
   523 | D        | Noticed a hellion
   525 | D        | Killed a smoke demon
   525 | D        | Killed a smoke demon
   526 | D        | Killed a gelid demonspawn
   527 | D        | Killed a sixfirhy
   527 | D        | Killed an orange demon
   527 | D        | Killed a smoke demon
   528 | D        | Killed an orange demon
   528 | D        | Killed a hellion
   530 | D        | Killed a soul eater
   534 | D        | Killed a monstrous chaos champion
   535 | D        | Killed Denev the pandemonium lord
   536 | D        | Killed Profukh the pandemonium lord
   536 | D        | Reached skill level 15 in Armour
   536 | D        | Reached skill level 22 in Invocations
   562 | D        | Got the ring "Xiuqet" {rC+ HP+9 Stlth-}
   564 | D        | Entered arena 16.
   567 | D        | Noticed a necrophage
   568 | D        | Noticed a wight
   568 | D        | Noticed a shadow
   568 | D        | Noticed a shadow
   569 | D        | Noticed a necromancer
   569 | D        | Noticed a vampire mage
   569 | D        | Noticed a wight
   570 | D        | Noticed a vampire
   570 | D        | Killed a shadow
   571 | D        | Killed a wight
   571 | D        | Killed a necromancer
   571 | D        | Killed a necrophage
   572 | D        | Killed a vampire
   573 | D        | Noticed a vampire knight
   573 | D        | Killed a shadow
   574 | D        | Noticed a necromancer
   574 | D        | Killed a wight
   575 | D        | Killed a vampire mage
   575 | D        | Identified a +3 rod of destruction (10/14)
   576 | D        | Noticed a wight
   576 | D        | Killed a necromancer
   577 | D        | Killed a vampire knight
   577 | D        | Reached skill level 15 in Axes
   577 | D        | Killed a wight
   578 | D        | Noticed a shadow
   580 | D        | Noticed a shadow
   580 | D        | Killed a shadow
   581 | D        | Killed a shadow
   582 | D        | Noticed a wight
   582 | D        | Killed a wight
   622 | D        | Entered arena 17.
   628 | D        | Noticed a vampire
   628 | D        | Noticed a wight
   629 | D        | Killed a wight
   630 | D        | Noticed a necromancer
   630 | D        | Noticed a necromancer
   630 | D        | Noticed a skeletal warrior
   630 | D        | Killed a vampire
   631 | D        | Noticed a necromancer
   631 | D        | Noticed a wight
   631 | D        | Killed a necromancer
   632 | D        | Noticed a skeletal warrior
   632 | D        | Noticed a shadow
   633 | D        | Noticed a skeletal warrior
   633 | D        | Killed a necromancer
   633 | D        | Identified a +0 rod of shadows (5/10)
   634 | D        | Noticed a necrophage
   635 | D        | Killed a necromancer
   635 | D        | Killed a shadow
   639 | D        | Identified a +1 rod of inaccuracy (12/12) (You found it in the Dungeon)
   641 | D        | Noticed a wight
   641 | D        | Killed a skeletal warrior
   642 | D        | Killed a skeletal warrior
   642 | D        | Killed a skeletal warrior
   643 | D        | Noticed a wight
   645 | D        | Noticed a wight
   646 | D        | Killed a necrophage
   647 | D        | Noticed a wight
   647 | D        | Killed a wight
   647 | D        | Killed a wight
   648 | D        | Killed a wight
   649 | D        | Killed a wight
   650 | D        | Killed a wight
   724 | D        | Got the ring "Beqoz" {AC+2 Stlth+}
   823 | D        | Entered arena 18.
   831 | D        | Noticed an emperor scorpion
   831 | D        | Noticed a torpor snail
   831 | D        | Noticed a wolf spider
   831 | D        | Noticed an orb spider
   832 | D        | Noticed a wasp
   832 | D        | Noticed a tarantella
   832 | D        | Noticed a hornet
   833 | D        | Noticed a trapdoor spider
   833 | D        | Noticed a wolf spider
   833 | D        | Noticed a hornet
   833 | D        | Noticed a wolf spider
   833 | D        | Noticed an orb spider
   833 | D        | Noticed a hornet
   833 | D        | Killed a hornet
   834 | D        | Noticed a scorpion
   834 | D        | Killed a trapdoor spider
   834 | D        | Killed a torpor snail
   834 | D        | Killed a wolf spider
   834 | D        | Killed a wolf spider
   835 | D        | Killed an orb spider
   836 | D        | Killed a wasp
   837 | D        | Killed a tarantella
   837 | D        | Killed a wolf spider
   837 | D        | Killed a scorpion
   839 | D        | Noticed a tarantella
   839 | D        | Killed an orb spider
   840 | D        | Noticed a spider
   841 | D        | Killed a hornet
   842 | D        | Noticed a wasp
   842 | D        | Killed a hornet
   842 | D        | Gained mutation: You resist negative energy. [level up]
   842 | D        | Reached XP level 14. HP: 130/130 MP: 32/32
   843 | D        | Noticed a hornet
   844 | D        | Noticed a redback
   845 | D        | Killed an emperor scorpion
   845 | D        | Killed a wasp
   847 | D        | Killed a tarantella
   847 | D        | Killed a hornet
   848 | D        | Killed a spider
   850 | D        | Killed a redback
   881 | D        | Noticed a trapdoor spider
   887 | D        | Killed a trapdoor spider
   917 | D        | Entered arena 19.
   932 | D        | Noticed a shadow dragon
   934 | D        | Noticed a shadow dragon
   934 | D        | Noticed a soul eater
   934 | D        | Noticed a ghoul
   936 | D        | Noticed a soul eater
   938 | D        | Noticed a ghoul
   941 | D        | Noticed a soul eater
   941 | D        | Noticed a soul eater
   941 | D        | Killed a soul eater
   944 | D        | Noticed a soul eater
   946 | D        | Noticed a soul eater
   950 | D        | Killed a ghoul
   950 | D        | Killed a shadow dragon
   955 | D        | Killed a soul eater
   956 | D        | Killed a soul eater
   957 | D        | Killed a shadow dragon
   957 | D        | Killed a soul eater
   958 | D        | Killed a soul eater
   962 | D        | Killed a ghoul
   963 | D        | Killed a soul eater
   998 | D        | Entered arena 20.
  1008 | D        | Noticed Polyphemus
  1008 | D        | Noticed Antaeus
  1008 | D        | Noticed Saint Roka
  1009 | D        | Noticed Terence
  1009 | D        | Noticed Dissolution
  1011 | D        | Noticed Dowan
  1011 | D        | Noticed Nellie
  1012 | D        | Noticed Erica
  1012 | D        | Noticed Chuck
  1012 | D        | Noticed Gloorx Vloq
  1013 | D        | Noticed the Serpent of Hell
  1013 | D        | Noticed Mnoleg
  1013 | D        | Noticed Mennas
  1014 | D        | Killed Dowan
  1015 | D        | Killed from afar by the Serpent of Hell

Action                   |  1- 3 |  4- 6 |  7- 9 | 10-12 | 13-15 || total
-------------------------+-------+-------+-------+-------+-------++-------
Melee: Broad axe         |     3 |     5 |    18 |    73 |    31 ||   130
Invok: Major Destruction |       |       |     2 |    13 |     8 ||    23
 Abil: Device Recharging |       |       |     2 |       |     2 ||     4
Evoke: Wand              |     1 |       |     8 |    16 |     7 ||    32
       Sack of spiders   |       |       |       |     1 |       ||     1
       Deck              |       |       |       |     3 |     3 ||     6
       Lamp of fire      |       |       |       |     2 |    11 ||    13
       Rod               |       |       |       |       |    13 ||    13
       tome              |       |       |       |       |     6 ||     6
       Phantom mirror    |       |       |       |       |     2 ||     2
  Use: Potion            |     1 |       |       |     3 |     8 ||    12
       Scroll            |       |       |     1 |       |     1 ||     2
 Stab: Distracted        |       |       |       |     2 |     1 ||     3
       Invisible         |       |       |       |     4 |       ||     4
  Eat: Chunk             |       |       |       |     1 |     3 ||     4
       Royal jelly       |       |       |       |       |     3 ||     3
       Fruit             |       |       |       |       |     2 ||     2
